 Dungeon Crawl Stone Soup version 0.30-a0-778-g2ef04afb54 (webtiles) character file.

Game seed: 17219557720753979428

186 IdlyInterested the Cudgeller (level 5, 0/38 HPs)
             Began as a Demonspawn Gladiator on Feb 16, 2023.
             Slain by an iguana (10 damage)
             ... on level 4 of the Dungeon.
             The game lasted 00:07:42 (2498 turns).

IdlyInterested the Cudgeller (Demonspawn Gladiator) Turns: 2498, Time: 00:07:43

Health: 0/38       AC:  7    Str: 16    XL:     5   Next: 38%
Magic:  5/5        EV: 10    Int:  9    God:
Gold:   194        SH:  0    Dex: 15    Spells: 4/4 levels left

rFire   . . .      SeeInvis .    a - +0 flail
rCold   . . .      Faith    .    (no shield)
rNeg    . . .      Spirit   .    m - +0 scale mail
rPois   +          Reflect  .    (helmet restricted)
rElec   .          Harm     .    (no cloak)
rCorr   .          Rampage  .    (no gloves)
Will    .....                    (no boots) Stlth
                                 b - amulet of magic regeneration
HPRegen 0.26/turn                h - ring of poison resistance
MPRegen 0.49/turn                (no ring)

@: no status effects
A: antennae 2, sharp scales 1
a: no special abilities


You were on level 4 of the Dungeon.
You visited 1 branch of the dungeon, and saw 4 of its levels.

You collected 194 gold pieces.

Inventory:

Hand Weapons
 a - a +0 flail (weapon)
Missiles
 d - 3 throwing nets
 e - a javelin
 p - 14 poisoned darts (quivered)
Armour
 m - a +0 scale mail (worn)
Jewellery
 b - an amulet of magic regeneration (around neck)
 h - a ring of poison resistance (left hand)
Wands
 c - a wand of quicksilver (8)
 l - a wand of paralysis (11)
Scrolls
 n - a scroll of poison {unknown}
 o - 3 scrolls of teleportation
 q - a scroll of enchant weapon {unknown}
 s - a scroll of magic mapping
Potions
 f - a potion of cancellation
 g - 2 potions of attraction {unknown}
 i - a potion of mutation
 j - a potion of haste
 k - a potion of curing
 r - a potion of flight {unknown}


   Skills:
 - Level 2.0 Fighting
 * Level 4.8 Maces & Flails
 - Level 1.7 Throwing
 + Level 1.9 Armour
 - Level 2.6 Dodging
 - Level 1.0 Stealth
 - Level 1.0 Evocations


You had 4 spell levels left.
You didn't know any spells.
Your spell library contained the following spells:

 Spells                   Type           Power      Damage    Failure   Level
 Sublimation of Blood     Necr           0%         N/A       92%         2
 Petrify                  Tmut/Erth      0%         N/A       100%        4
 Irradiate                Conj/Tmut      0%         3d11      100%        5


Dungeon Overview and Level Annotations

Branches:
Dungeon (4/15)
 Temple: D:4-7

Altars:
Kikubaaqudgha
Qazlal


Innate Abilities, Weirdness & Mutations

You have a pair of antennae on your head.
You are partially covered in razor-sharp scales. (AC +1, Slay +1)


Message History

The iguana bites you but does no damage.
You see here a hobgoblin corpse.
You hit the iguana.
The iguana is lightly wounded.
The iguana bites you but does no damage.
You hit the iguana but do no damage.
The iguana is lightly wounded.
The iguana bites you.
You hit the iguana.
The iguana is heavily wounded.
The iguana bites you.
You hit the iguana but do no damage.
The iguana is heavily wounded.
The iguana bites you but does no damage.
You hit the iguana but do no damage.
The iguana is heavily wounded.
The iguana bites you!
You hit the iguana but do no damage.
The iguana is heavily wounded.
The iguana bites you but does no damage.
The iguana bites you.
You hit the iguana but do no damage.
The iguana is heavily wounded.
The iguana bites you but does no damage.
You barely miss the iguana.
The iguana is heavily wounded.
The iguana completely misses you.
You barely miss the iguana.
The iguana is heavily wounded.
The iguana bites you.
* * * LOW HITPOINT WARNING * * *
You hit the iguana but do no damage.
The iguana is heavily wounded.
The iguana hisses menacingly.
The iguana bites you.
* * * LOW HITPOINT WARNING * * *
You barely miss the iguana.
The iguana is heavily wounded.
The iguana bites you!
You die...

###########.#
#<...@lK....#
#.###########
#.# #.# #.#
#.# ... #..


You could see an iguana and a kobold.

Vanquished Creatures
  An ogre (D:3)
  An orc wizard (D:3)
  An adder (D:2)
  A dart slug (D:1)
  3 orcs (D:3)
  6 endoplasms
  3 giant cockroaches
  4 goblins
  7 hobgoblins
  2 jackals (D:3)
  6 ball pythons
  7 bats
  2 frilled lizards
  11 kobolds
  2 rats (D:1)
57 creatures vanquished.

Vanquished Creatures (others)
  3 withered plants (D:3)
3 creatures vanquished.

Grand Total: 60 creatures vanquished

Notes
Turn   | Place    | Note
-------+----------+-------------------------------------------
     0 | D:1      | IdlyInterested the Demonspawn Gladiator began the quest for
                  | the Orb.
     0 | D:1      | Reached XP level 1. HP: 16/16 MP: 1/1
    90 | D:1      | Reached skill level 3 in Maces & Flails
   132 | D:1      | Gained mutation: You are partially covered in razor-sharp
                  | scales. (AC +1, Slay +1) [demonic ancestry]
   132 | D:1      | Reached XP level 2. HP: 22/22 MP: 2/2
   213 | D:1      | Reached skill level 1 in Stealth
   688 | D:2      | Gained mutation: You have a pair of small antennae on your
                  | head. [demonic ancestry]
   688 | D:2      | Reached XP level 3. HP: 23/27 MP: 3/3
   876 | D:2      | Found a stormy altar of Qazlal.
  1280 | D:2      | Reached skill level 1 in Armour
  1754 | D:3      | Reached skill level 4 in Maces & Flails
  1754 | D:3      | Reached skill level 1 in Evocations
  1754 | D:3      | Gained mutation: You have a pair of antennae on your head.
                  | [demonic ancestry]
  1754 | D:3      | Reached XP level 4. HP: 9/33 MP: 4/4
  1858 | D:3      | Found an ancient bone altar of Kikubaaqudgha.
  2191 | D:3      | Noticed an ogre
  2198 | D:3      | Killed an ogre
  2199 | D:3      | Reached XP level 5. HP: 21/38 MP: 5/5
  2498 | D:4      | Slain by an iguana

Illustrated notes

Levels and vault maps discovered:
D:1:      minmay_arrival_shattered_statue, layout_basic, hex_medium
D:2:      layout_basic, basic_altar, kennysheep_generic_room_4
D:3:      layout_basic, kiku_gazebo_garden_becter
D:4:      layout_loops_ring, nicolae_wu_jian_wuxing_cycle,
          minmay_temple_entry_statues_pillars

Skill      XL: |  1  2  3 |
---------------+----------+-----
Maces & Flails | 3 4 |  4.8
Stealth        | 1 |  1.0
Armour         | 1 |  1.9
Evocations     | 1 |  1.0
Fighting       | |  2.0
Throwing       | |  1.7
Dodging        | |  2.6

Action                     |  1- 3 |  4- 6 || total
---------------------------+-------+-------++-------
  Melee: Flail             |   134 |    50 ||   184
         Punch             |     2 |       ||     2
  Throw: Dart              |       |     2 ||     2
    Use: Scroll            |     7 |     1 ||     8
   Stab: Sleeping          |     1 |       ||     1
         Distracted        |       |     1 ||     1
 Armour: Leather armour    |    10 |       ||    10
         Ring mail         |    72 |     2 ||    74
         Scale mail        |       |    18 ||    18
  Dodge: Dodged            |   107 |    11 ||   118

Table legend: (Time is in decaauts)
 A = Elapsed time spent in this place.
 B = Non-inter-level travel time spent in this place.
 C = Inter-level travel time spent in this place.
 D = Time resting spent in this place.
 E = Time spent auto-exploring this place.
 F = Levels seen in this place.
 G = Mean time per level.
                   A        B        C        D        E       F      G
               +--------+--------+--------+--------+--------+-----+--------+
         Total |   2538 |   2170 |    368 |    244 |   1262 |   4 |  634.5 |
       Dungeon |   2538 |   2170 |    368 |    244 |   1262 |   4 |  634.5 |
               +--------+--------+--------+--------+--------+-----+--------+

Top non-repeatable levels by time:
     D:2: 965 daAuts
     D:3: 806 daAuts
     D:1: 726 daAuts
     D:4: 39 daAuts
